 Dungeon Crawl Stone Soup version 0.19.0-11-g3fc08b3 (console) character file.

350 Kloppie the Skirmisher (level 6, -2/60 HPs)
             Began as a Gargoyle Berserker on Nov 8, 2016.
             Was a Priest of Trog.
             Slain by Dowan
             ... wielding a +4 dagger of protection
              (4 damage)
             ... on level 4 of the Dungeon.
             The game lasted 00:03:47 (2560 turns).

Kloppie the Skirmisher (Gargoyle Berserker)         Turns: 2560, Time: 00:03:48

Health: -2/60      AC:  9    Str: 25    XL:     6   Next: 61%
Magic:  6/6        EV: 11    Int:  8    God:    Trog [***...]
Gold:   98         SH:  4    Dex: 11    Spells: 0 memorised, 5 levels left

rFire  . . .     SeeInvis .     a - +0 mace
rCold  . . .     Gourm    .     e - +0 leather armour
rNeg   + . .     Faith    .     p - +0 buckler
rPois  ∞         Spirit   .     r - +0 helmet
rElec  +         Reflect  .     l - +0 cloak
rCorr  .         Harm     .     (no gloves)
MR     ++...                    (no boots)
Stlth  ..........               (no amulet)
                                (no ring)
                                (no ring)

@: berserking (expiring), regenerating, very quick
A: negative energy resistance 1, electricity resistance, unbreathing,
petrification resistance, rot immunity, AC +4
a: Berserk, Trog's Hand, Burn Spellbooks, Renounce Religion


You were on level 4 of the Dungeon.
You worshipped Trog.
Trog was most pleased with you.
You were hungry.

You visited 1 branch of the dungeon, and saw 4 of its levels.

You collected 98 gold pieces.

Inventory:

Hand Weapons
 a - a +0 mace (weapon)
Armour
 e - a +0 leather armour (worn)
 l - a +0 cloak (worn)
 p - a +0 buckler (worn)
 r - a +0 helmet (worn)
Wands
 u - a wand of polymorph (9/24)
Scrolls
 d - 2 scrolls of enchant armour {unknown}
 g - a scroll of amnesia {unknown}
 h - a scroll of random uselessness {unknown}
 i - 2 scrolls of fog {unknown}
 k - 2 scrolls of enchant weapon {unknown}
 m - 2 scrolls of teleportation {unknown}
 n - a scroll of magic mapping {unknown}
 q - a scroll of identify {unknown}
 s - a scroll of recharging {unknown}
Potions
 f - a potion of lignification {unknown}
 j - a potion of berserk rage
 o - a potion of heal wounds {unknown}
Comestibles
 b - 3 meat rations
 c - 4 bread rations
 t - a beef jerky


   Skills:
 + Level 5.5 Fighting
 + Level 5.1 Maces & Flails
 - Level 2.1 Armour
 - Level 1.5 Dodging
 + Level 3.0 Shields


You had 5 spell levels left.
You didn't know any spells.

Dungeon Overview and Level Annotations

Branches:
Dungeon (4/15)             Temple (0/1) D:4

Altars:
Ashenzari
Cheibriados
Makhleb
Ru
Vehumet

Annotations:
D:4 Dowan, Duvessa


Innate Abilities, Weirdness & Mutations

You are resistant to torment.
Your stone body is resilient. (AC +4)
You are immune to poison.
You resist negative energy. (rN+)
You are resistant to electric shocks. (rElec)
You can survive without breathing.
You are immune to petrification.
You are immune to rotting.


Message History

You sock the orc priest!
You kill the orc priest!
Trog accepts your kill.
Your Shields skill increases to level 3!
The orc wizard barely misses you. You block Duvessa's attack.
The orc wizard gestures wildly while chanting.
The orc wizard blinks!
Dowan closely misses you.
You barely miss the orc wizard.
The orc wizard points at you and mumbles some strange words.
The magic dart hits you!
* * * LOW HITPOINT WARNING * * *
Duvessa hits you but does no damage.
The orc wizard mumbles some strange words.
The orc wizard blinks!
The orc wizard hits you but does no damage.
You hit the orc wizard.
The orc wizard is moderately wounded.
You feel the effects of Trog's Hand fading.
Dowan hits you with a dagger of protection.
You die...

........#......#
........#......# .......
........'......# .......
........#......# .......
#########......##########.......
...................o..§.........
................................
.................o..............
...............e@o..............
.................e..............
######'#############........####
#........... #........#
#........... #........#
#........... #........#
#..........( #........+
#........... #........#
#........... #........#


You could see Duvessa, Dowan and 3 orc wizards.

Vanquished Creatures
  An ogre (D:4)
  A centaur skeleton (D:4)
  An orc priest (D:4)
  A hound (D:4)
  A worker ant (D:4)
  Ijyb (D:2)
  A hound skeleton (D:4)
  Robin (D:2)
  3 adders
  An ooze (D:2)
  A worm (D:3)
  A dart slug (D:1)
  2 leopard geckos (D:2)
  An orc (D:3)
  2 ball pythons (D:1)
  5 bats
  3 giant cockroaches (D:1)
  15 goblins
  11 hobgoblins
  3 jackals (D:2)
  6 frilled lizards
  5 kobolds
  10 rats
77 creatures vanquished.

Notes
Turn   | Place    | Note
-------+----------+-------------------------------------------
     0 | D:1      | Kloppie the Gargoyle Berserker began the quest for the Orb.
     0 | D:1      | Reached XP level 1. HP: 14/14 MP: 1/1
   135 | D:1      | Reached XP level 2. HP: 17/19 MP: 2/2
   659 | D:2      | Reached XP level 3. HP: 24/24 MP: 3/3
   664 | D:2      | Reached ** piety under Trog
   745 | D:2      | Found a shattered altar of Ashenzari.
   890 | D:2      | Noticed Robin
   974 | D:2      | Reached XP level 4. HP: 20/30 MP: 4/4
  1400 | D:2      | Found a radiant altar of Vehumet.
  1401 | D:2      | Found a burning altar of Makhleb.
  1407 | D:2      | Killed Robin
  1565 | D:2      | Noticed Ijyb
  1576 | D:2      | Killed Ijyb
  1576 | D:2      | Reached skill level 1 in Shields
  1664 | D:3      | Reached XP level 5. HP: 22/34 MP: 5/5
  1907 | D:3      | Reached *** piety under Trog
  2021 | D:3      | Found a snail-covered altar of Cheibriados.
  2135 | D:4      | Found a sacrificial altar of Ru.
  2201 | D:4      | Reached skill level 5 in Fighting
  2215 | D:4      | Noticed an ogre
  2222 | D:4      | Killed an ogre
  2222 | D:4      | Reached XP level 6. HP: 40/40 MP: 6/6
  2275 | D:4      | Found a staircase to the Ecumenical Temple.
  2517 | D:4      | Reached skill level 5 in Maces & Flails
  2542 | D:4      | Noticed Duvessa
  2542 | D:4      | Noticed Dowan
  2553 | D:4      | HP: 2/40 [orc wizard/puff of flame (6)]
  2559 | D:4      | HP: 1/60 [orc wizard/magic dart (5)]
  2560 | D:4      | Slain by Dowan

Skill      XL: |  1  2  3  4  5  6 |
---------------+-------------------+-----
Fighting       | 4 5 |  5.5
Maces & Flails | 4 5 |  5.1
Shields        | 1 2 3 |  3.0
Armour         | |  2.1
Dodging        | |  1.5

Action                   |  1- 3 |  4- 6 || total
-------------------------+-------+-------++-------
Melee: Mace              |   129 |   155 ||   284
Invok: Berserk           |       |     2 ||     2
       Trog's Hand       |       |     1 ||     1
  Use: Potion            |       |     1 ||     1
  Eat: Chunk             |       |     7 ||     7
Armor: Leather armour    |    59 |    56 ||   115
       Animal skin       |     4 |       ||     4
Dodge: Dodged            |    97 |    88 ||   185
Block: Buckler           |       |    20 ||    20
